 Dungeon Crawl Stone Soup version 0.22.1-1-ga44c0e5 (webtiles) character file.

58 bloo the Conjurer (level 3, 0/19 HPs)
             Began as a Deep Elf Conjurer on Oct 1, 2018.
             Slain by a bullfrog zombie (7 damage)
             ... on level 2 of the Dungeon.
             The game lasted 00:07:15 (1601 turns).

bloo the Conjurer (Deep Elf Conjurer)               Turns: 1601, Time: 00:07:16

Health: 0/19       AC:  2    Str:  6    XL:     3   Next: 75%
Magic:  3/10       EV: 13    Int: 19    God:
Gold:   53         SH:  0    Dex: 15    Spells: 6/9 levels left

rFire    . . .     SeeInvis .   (no weapon)
rCold    . . .     Gourm    .   (no shield)
rNeg     . . .     Faith    .   a - +0 robe
rPois    .         Spirit   .   (no helmet)
rElec    .         Reflect  .   (no cloak)
rCorr    .         Harm     .   (no gloves)
MR       .....                  (no boots)
Stlth    ++........             (no amulet)
HPRegen  0.06/turn              (no ring)
MPRegen  0.12/turn              (no ring)

@: no status effects
A: no striking features
a: no special abilities


You were on level 2 of the Dungeon.
You were not hungry.

You visited 1 branch of the dungeon, and saw 2 of its levels.

You collected 53 gold pieces.

Inventory:

Armour
 a - a +0 robe (worn)
Scrolls
 b - a scroll of noise {unknown}
 e - 2 scrolls of identify {unknown}
 h - a scroll of fog {unknown}
 i - a scroll of amnesia {unknown}
Potions
 d - a potion of heal wounds {unknown}
 f - a potion of haste {unknown}
 g - a potion of magic {unknown}
Comestibles
 c - 5 rations
 j - a chunk of flesh


   Skills:
 - Level 2.4 Dodging
 - Level 2.4 Stealth
 + Level 3.6 Spellcasting
 + Level 5.7 Conjurations


You had 6 spell levels left.
You knew the following spells:

 Your Spells              Type           Power        Failure   Level  Hunger
a - Magic Dart            Conj           ####         1%          1    None
b - Searing Ray           Conj           ####..       1%          2    ##.....

Your spell library contained the following spells:

 Spells                   Type           Power        Failure   Level  Hunger
 Dazzling Spray           Conj/Hex       ##....       13%         3    ###....
 Iskenderun's Mystic Bla  Conj           ####....     13%         4    ####...
 Force Lance              Conj/Tloc      ##......     41%         4    ####...
 Fulminant Prism          Conj/Hex       ##........   41%         4    ####...


Dungeon Overview and Level Annotations

Branches:
Dungeon (2/15)

Altars:


Message History

The bullfrog zombie barely misses you.
The searing ray hits the bullfrog zombie.
The bullfrog zombie is severely damaged.
You finish channeling your searing ray.
The bullfrog zombie closely misses you. The bullfrog zombie barely misses you.
The bullfrog zombie misses you. The bullfrog zombie hits you.
The bullfrog zombie barely misses you.
Casting: Searing Ray (safe; 1% risk of failure)
Confirm with . or Enter, or press ? or * to list all spells.
Aiming: Searing Ray (safe; 1% risk of failure)
Press: ? - help, Shift-Dir - straight line, f/p - bullfrog zombie
Aim: a bullfrog zombie (severely damaged)
The searing ray hits the bullfrog zombie.
The bullfrog zombie is severely damaged. (Press . to maintain the ray.)
The bullfrog zombie barely misses you. The bullfrog zombie hits you.
The searing ray hits the bullfrog zombie.
The bullfrog zombie is almost destroyed.
The bullfrog zombie hits you!
You die...

#.....#..........#
#.#......#########
..##.##...#.#
..........#.#
.....##..##.# .###
#..##.# #..##.#
#.....# #@#####
#Z# #.# #.# ..#
... ... #...


You could see a bullfrog zombie.

Vanquished Creatures
  An adder (D:2)
  3 dart slugs
  A leopard gecko (D:1)
  2 ball pythons
  3 giant cockroaches (D:1)
  6 goblins (D:1)
  4 hobgoblins (D:1)
  3 jackals (D:1)
  2 kobolds (D:1)
  3 quokkas (D:2)
  3 bats (D:1)
  A frilled lizard (D:1)
  7 rats (D:1)
39 creatures vanquished.

Notes
Turn   | Place    | Note
-------+----------+-------------------------------------------
     0 | D:1      | bloo the Deep Elf Conjurer began the quest for the Orb.
     0 | D:1      | Reached XP level 1. HP: 10/10 MP: 6/6
   200 | D:1      | Reached XP level 2. HP: 15/15 MP: 5/8
   228 | D:1      | Learned a level 2 spell: Searing Ray
   299 | D:1      | Reached skill level 5 in Conjurations
   585 | D:1      | Reached XP level 3. HP: 15/19 MP: 2/9
  1601 | D:2      | Slain by a bullfrog zombie

Skill      XL: |  1  2 |
---------------+-------+-----
Conjurations   | 5 |  5.7
Dodging        | |  2.4
Stealth        | |  2.4
Spellcasting   | |  3.6

Action                   || total
-------------------------++-------
 Cast: Magic Dart        ||    70
       Searing Ray       ||     5
  Eat: Chunk             ||     2
Armor: Robe              ||     2
Dodge: Dodged            ||    18
